Map: Eternal Empire LE

Players

SpeCial

  • Race: Terran Terran
  • League: Master
  • Spawn Location: 1:00

TYTY (TY) - Winner!

  • Race: Terran Terran
  • League: Grandmaster
  • Spawn Location: 7:00

Event: War Chest Team League

VOD

Have the link to the VOD?

Description

Time

  • Played on: Aug. 2, 2020, 6:56 a.m.
  • Length: 16:11
Show
View Real Time Build Order
Export as new Build Order

SpeCial Terran 

Build Orders: Reaper Expand, Mech 

Get SALT Encoding   

  12  0:00  SCV  
  13  0:12  SCV  
  14  0:17  Supply Depot  
  14  0:24  SCV  
  15  0:38  SCV  
  15  0:39  Barracks  
  16  0:44  Refinery  
  16  0:50  SCV  
  17  1:02  SCV  
  18  1:15  SCV  
  19  1:26  Reaper  
  19  1:27  Orbital Command  
  20  1:43  Command Center  
  20  1:52  Supply Depot  
  20  1:54  SCV  
  21  1:58  Marine  
  22  2:09  Factory  
  22  2:10  SCV  
  23  2:16  Marine  
  23  2:22  Bunker  
  24  2:28  SCV  
  25  2:34  Marine  
  26  2:40  SCV  
  25  2:55  Hellion  
  25  2:57  Marine  
  27  2:58  Orbital Command  
  27  3:00  SCV, Starport  
  27  3:03  Refinery  
  28  3:12  SCV  
  27  3:15  Marine  
  26  3:24  SCV  
  26  3:25  Hellion  
  29  3:29  SCV  
  29  3:33  Marine  
  31  3:37  SCV  
  33  3:41  SCV  
  33  3:46  Factory Tech Lab  
  33  3:49  SCV  
  33  3:53  SCV  
  35  4:01  SCV  
  36  4:05  SCV  
  37  4:11  Factory Tech Lab  
  37  4:12  Marine  
  37  4:15  Supply Depot  
  41  4:18  Raven  
  41  4:19  SCV x2  
  42  4:24  Command Center  
  42  4:30  Cyclone  
  46  4:31  SCV  
  46  4:37  SCV  
  47  4:41  Supply Depot  
  47  4:43  SCV  
  48  4:49  SCV  
  49  4:54  Refinery x2  
  49  4:55  SCV  
  49  4:59  Supply Depot  
  50  5:01  SCV  
  50  5:02  Mag-Field Accelerator  
  54  5:07  SCV, Raven  
  54  5:13  SCV  
  55  5:19  SCV  
  56  5:22  Cyclone  
  56  5:25  SCV  
  60  5:31  SCV  
  61  5:38  SCV  
  61  5:39  Factory  
  61  5:41  Factory  
  62  5:44  SCV  
  62  5:46  Orbital Command  
  63  5:50  SCV  
  63  5:56  SCV  
  65  5:57  Barracks Reactor, Engineering Bay  
  65  6:02  SCV  
  66  6:06  Siege Tank  
  66  6:07  Orbital Command  
  66  6:08  SCV  
  66  6:09  Supply Depot  
  70  6:14  Viking, SCV  
  73  6:20  SCV  
  74  6:26  SCV, Supply Depot  
  74  6:27  Missile Turret  
  74  6:28  Supply Depot  
  74  6:32  SCV  
  76  6:35  SCV  
  76  6:36  Siege Tank  
  76  6:38  SCV, Siege Tank  
  84  6:44  SCV  
  85  6:48  SCV, Hellion x2  
  85  6:50  SCV, Refinery  
  85  6:52  Barracks Reactor, Starport Tech Lab  
  85  6:53  Refinery  
  91  6:55  Factory  
  91  6:56  SCV, Factory  
  91  6:58  Missile Turret  
  91  7:00  SCV  
  91  7:02  SCV  
  91  7:05  Supply Depot x2  
  91  7:06  Supply Depot  
  92  7:08  SCV  
  92  7:09  Hellion  
  92  7:12  SCV  
  92  7:14  SCV, Cyclone  
  100  7:18  Cyclone  
  100  7:20  SCV  
  104  7:24  SCV  
  104  7:26  SCV  
  104  7:32  SCV  
  104  7:35  Hellion x2  
  102  7:44  Command Center  
  102  7:45  SCV  
  102  7:50  SCV  
  99  7:52  Cyclone x2  
  99  7:56  Hellion x2  
  105  7:59  SCV x2  
  105  8:02  SCV  
  108  8:08  Factory Tech Lab  
  108  8:12  Banshee  
  111  8:18  Hellion x2, Cloaking Field  
  115  8:20  Factory  
  115  8:21  Hellion x2  
  115  8:24  SCV x2  
  115  8:25  Factory  
  121  8:27  Sensor Tower  
  121  8:28  Cyclone  
  121  8:32  Cyclone  
  127  8:34  Cyclone  
  127  8:38  Supply Depot  
  130  8:49  Hellion, Infernal Pre-Igniter  
  132  8:56  Hellion x3, Banshee  
  132  8:59  SCV x3  
  132  9:00  Supply Depot  
  144  9:04  Supply Depot  
  144  9:06  Cyclone x2  
  144  9:07  Factory Tech Lab  
  144  9:09  Factory Tech Lab  
  151  9:17  SCV  
  151  9:19  SCV  
  151  9:22  SCV  
  153  9:26  Missile Turret  
  153  9:27  Planetary Fortress  
  151  9:31  Cyclone x3  
  151  9:32  Hellion x3  
  151  9:34  Hellion  
  168  9:38  Unknown  
  168  9:40  SCV, Banshee  
  171  9:49  SCV x2  
  158  9:56  SCV  
  158  9:57  Hellion x2, Cyclone  
  146  10:01  Hyperflight Rotors  
  146  10:05  Cyclone  
  144  10:08  SCV x2  
  144  10:11  SCV  
  147  10:17  Hellion, Cyclone  
  147  10:18  Hellion  
  147  10:20  SCV  
  148  10:22  Command Center  
  148  10:25  Cyclone x2  
  148  10:27  Banshee  
  144  10:29  SCV x2  
  144  10:30  Hellion  
  144  10:31  Hellion x2  
  144  10:32  SCV  
  151  10:37  Cyclone  
  151  10:39  Hellion  
  152  10:49  Cyclone  
  151  10:50  Hellion  
  151  10:52  Cyclone  
  151  10:54  Hellion  
  151  10:55  Missile Turret  
  153  10:57  SCV x2, Cyclone x2  
  159  11:06  SCV  
  159  11:07  Hellion x2  
  159  11:09  Cyclone  
  165  11:13  SCV  
  165  11:15  Hellion  
  163  11:22  Cyclone  
  163  11:24  Cyclone  
  169  11:26  Command Center  
  169  11:29  Hellion, Cyclone  
  172  11:34  Banshee  
  169  11:41  Command Center  
  169  11:42  Hellion, Cyclone  
  161  11:47  Hellion, Cyclone  
  161  11:51  Hellion  
  161  11:54  SCV x3, Cyclone  
  163  11:56  Cyclone  
  158  12:05  Hellion x2, Cyclone  
  158  12:06  SCV  
  162  12:17  SCV x2, Banshee  
  162  12:18  SCV  
  164  12:29  SCV x2  
  166  12:32  SCV  
  166  12:36  Hellion, Cyclone x2  
  172  12:41  SCV  
  172  12:42  SCV, Hellion  
  172  12:43  Cyclone  
  172  12:48  SCV  
  171  12:54  SCV  
  171  12:55  Hellion  
  171  13:05  Sensor Tower  
  170  13:07  Unknown  
  170  13:09  Supply Depot  
  170  13:10  Supply Depot  
  170  13:16  SCV x2  
  170  13:17  SCV, Supply Depot, Cyclone x2  
  170  13:18  Supply Depot  
  179  13:26  Hellion  
  180  13:29  Hellion x3  
  180  13:30  Siege Tank  
  180  13:31  Cyclone, Banshee, Siege Tank  
  180  13:32  SCV  
  185  13:39  SCV  
  185  13:40  SCV  
  183  13:48  Hellion  
  185  13:49  Cyclone  
  185  13:51  SCV x2  
  185  13:52  SCV, Hellion, Cyclone  
  191  14:03  SCV  
  191  14:04  Hellion, Cyclone  
  181  14:10  SCV x2  
  181  14:15  SCV  
  179  14:17  Hellion x2, Cyclone  
  179  14:22  SCV  
  179  14:23  SCV  
  185  14:27  SCV, Banshee  
  165  14:38  Hellion, Cyclone  
  165  14:44  Hellion, Cyclone  
  140  14:46  SCV  
  140  14:47  SCV  
  140  14:50  Orbital Command  
  139  14:55  Hellion x2, Cyclone  
  146  15:05  Hellion, Cyclone  
  151  15:10  Banshee  
  151  15:11  Hellion  
  147  15:25  Hellion, Cyclone  
  147  15:26  Hellion  
  147  15:27  Siege Tank  
  156  15:28  SCV  
  156  15:29  SCV x2  
  156  15:34  Unknown  
  153  15:39  Refinery  
  155  15:43  Widow Mine  
  155  15:46  Hellion  
  151  15:52  Refinery  
Show
View Real Time Build Order
Export as new Build Order

TYTY Terran - Winner!

Build Orders: Mech 

Get SALT Encoding   

  12  0:00  SCV  
  13  0:12  SCV  
  14  0:17  Supply Depot  
  14  0:24  SCV  
  15  0:39  Barracks  
  15  0:42  Refinery  
  15  0:44  SCV  
  16  0:59  Barracks  
  16  1:01  SCV  
  17  1:13  SCV  
  17  1:17  Supply Depot  
  19  1:25  Reaper  
  19  1:32  Orbital Command  
  19  1:46  Reaper  
  20  1:58  SCV  
  21  2:02  Reaper  
  22  2:10  SCV  
  23  2:15  Command Center  
  23  2:20  Reaper  
  23  2:22  SCV  
  25  2:30  Bunker  
  25  2:46  SCV  
  26  2:53  Reaper  
  25  2:59  Command Center  
  25  3:00  SCV  
  25  3:02  Refinery  
  26  3:18  SCV  
  28  3:28  Orbital Command  
  28  3:30  SCV  
  28  3:32  Factory  
  28  3:39  Refinery  
  28  3:42  SCV  
  28  3:44  Barracks Reactor  
  29  3:54  SCV  
  29  3:55  SCV  
  31  4:01  Bunker, Factory  
  31  4:06  SCV  
  31  4:07  SCV  
  33  4:12  Orbital Command  
  33  4:16  Factory Tech Lab  
  33  4:18  SCV  
  33  4:20  Marine x2  
  33  4:22  SCV  
  33  4:24  Refinery  
  37  4:29  Engineering Bay  
  37  4:30  SCV  
  38  4:35  Cyclone  
  38  4:36  SCV  
  42  4:42  SCV  
  42  4:44  SCV  
  44  4:45  Factory Tech Lab  
  44  4:48  SCV  
  45  4:55  SCV  
  45  4:56  SCV  
  45  4:59  Mag-Field Accelerator  
  47  5:00  SCV  
  47  5:01  Missile Turret  
  47  5:06  Missile Turret  
  48  5:07  Cyclone  
  48  5:09  Cyclone  
  48  5:10  SCV  
  48  5:13  SCV  
  56  5:15  Supply Depot  
  56  5:18  SCV  
  57  5:22  SCV  
  57  5:26  SCV  
  59  5:30  SCV, Starport  
  60  5:36  SCV  
  60  5:39  Siege Tank  
  60  5:42  Supply Depot, Siege Tank  
  67  5:49  SCV  
  68  5:50  SCV  
  68  5:53  Supply Depot  
  68  5:54  Supply Depot  
  69  5:58  Orbital Command  
  69  6:03  SCV x2  
  71  6:06  Supply Depot x2  
  71  6:11  Liberator x2  
  77  6:16  SCV x2  
  77  6:18  Siege Tank  
  82  6:24  SCV  
  83  6:29  SCV x2  
  83  6:30  Refinery  
  88  6:33  Siege Tank  
  88  6:36  SCV  
  88  6:37  Supply Depot  
  88  6:39  Supply Depot  
  89  6:41  SCV  
  89  6:43  SCV, Supply Depot  
  89  6:44  Refinery  
  89  6:48  SCV  
  89  6:53  SCV  
  94  7:00  SCV  
  94  7:01  SCV  
  96  7:05  SCV  
  100  7:11  Viking  
  100  7:12  SCV, Viking, Command Center  
  100  7:13  SCV  
  106  7:17  SCV  
  107  7:24  SCV, Cyclone x2  
  107  7:26  SCV  
  107  7:28  Factory x2  
  107  7:29  SCV  
  110  7:38  Supply Depot  
  110  7:39  Supply Depot  
  108  7:46  SCV x2  
  110  7:52  Liberator  
  110  7:53  Liberator  
  110  7:55  Factory  
  110  7:58  Cyclone  
  119  8:00  SCV x3  
  119  8:06  Missile Turret  
  119  8:12  Factory Reactor x2  
  119  8:13  Factory  
  119  8:15  SCV x3, Factory  
  119  8:19  Cyclone  
  125  8:27  SCV x3, Refinery  
  125  8:30  Refinery  
  128  8:40  Armory, Infernal Pre-Igniter  
  128  8:46  SCV x3  
  130  8:51  Hellion x5  
  130  8:52  Hellion  
  130  8:53  Cyclone x2  
  130  8:54  Planetary Fortress  
  148  8:58  SCV x3  
  148  9:00  Factory Tech Lab x2  
  151  9:09  Armory  
  151  9:11  Supply Depot x3  
  151  9:12  Hellion x2  
  151  9:13  Hellion  
  151  9:15  Hellion x2  
  161  9:21  Hellion  
  161  9:23  Starport Reactor  
  163  9:26  Supply Depot x2  
  163  9:33  SCV x3, Hellion  
  163  9:37  Cyclone x3  
  177  9:41  Supply Depot, Hellion x2  
  177  9:43  Supply Depot  
  178  9:47  SCV x2  
  178  9:51  Terran Vehicle Weapons Level 1  
  166  9:54  Hellion x2  
  158  10:01  Hellion x2  
  158  10:04  Viking x2  
  158  10:06  Hellion x2  
  159  10:19  Command Center  
  159  10:20  Cyclone x3  
  165  10:21  Hellion x2  
  165  10:26  Hellion  
  165  10:27  Hellion  
  162  10:31  Hellion x2  
  162  10:35  SCV x3, Liberator  
  169  10:51  Cyclone  
  169  10:52  Cyclone x2  
  169  10:53  Cyclone  
  169  10:55  Missile Turret  
  177  10:58  Missile Turret  
  177  10:59  Missile Turret  
  177  11:01  Terran Vehicle And Ship Armor Level 1  
  174  11:18  Hellion  
  174  11:19  Hellion x5  
  174  11:21  Liberator x2  
  174  11:23  Cyclone  
  174  11:24  Cyclone  
  174  11:25  Cyclone  
  199  11:36  Hellion  
  199  11:39  Factory x2  
  186  11:52  Hellion x3  
  175  11:56  Cyclone  
  175  11:57  Cyclone  
  175  11:59  Command Center  
  165  12:03  Cyclone x2  
  165  12:04  Hellion  
  165  12:05  Hellion  
  177  12:20  Hellion  
  177  12:21  Hellion  
  177  12:22  Factory Tech Lab  
  175  12:28  Cyclone  
  175  12:29  Cyclone  
  181  12:30  Factory Tech Lab  
  181  12:35  Cyclone  
  184  12:40  Cyclone x2  
  176  12:56  Cyclone  
  176  12:58  Hellion x3, Terran Vehicle Weapons Level 2  
  178  13:00  Cyclone  
  178  13:01  Cyclone, Orbital Command  
  184  13:06  Hellion x2  
  184  13:07  Sensor Tower  
  184  13:08  Terran Vehicle And Ship Armor Level 2  
  184  13:10  Orbital Command  
  172  13:34  Siege Tank x6  
  190  13:42  Hellion x2  
  190  13:43  Hellion x3  
  177  14:11  Cyclone x6  
  177  14:12  Hellion x3  
  186  14:18  Hellion, Liberator  
  186  14:19  Hellion, Liberator  
  196  14:27  Hellion  
  196  14:33  Hellion x3  
  175  14:39  Command Center  
  175  14:40  Hellion x2  
  175  14:43  Cyclone x2  
  155  14:51  Cyclone x3  
  155  14:52  Hellion, Cyclone  
  163  14:54  Hellion  
  163  14:55  Hellion  
  167  15:06  Hellion x2  
  171  15:10  Liberator x2  
  171  15:12  Missile Turret  
  171  15:14  Hellion  
  179  15:15  Cyclone x2  
  185  15:22  Hellion  
  185  15:23  Hellion x2  
  185  15:24  Hellion  
  193  15:33  Hellion x3  
  199  15:37  Refinery  
  199  15:39  Cyclone, Refinery  
  199  15:50  Hellion  
Tags
 
Add a new tag
Caveats
  • Supply blocks, unpowered buildings, or Contaminate may cause inaccurate times.
  • Supply counts are checked every 10 seconds.